 Dungeon Crawl Stone Soup version 0.29-a0-876-gfc89b1a5bd (webtiles) character file.

Game seed: 11350786893825877085

242 spaghetti the Grave Robber (level 5, -5/40 HPs)
             Began as a Demigod Necromancer on July 19, 2022.
             Slain by an ogre
             ... wielding a +0 giant club
              (28 damage)
             ... on level 5 of the Dungeon.
             The game lasted 00:05:19 (4071 turns).

spaghetti the Grave Robber (Demigod Necromancer)    Turns: 4071, Time: 00:05:20

Health: -5/40      AC:  6    Str:  9    XL:     5   Next: 51%
Magic:  7/14       EV: 12    Int: 21    God:
Gold:   31         SH:  0    Dex: 14    Spells: 10/11 levels left

rFire   . . .      SeeInvis .   x - staff of death {!astaff}
rCold   + . .      Faith    .   (no shield)
rNeg    + . .      Spirit   .   a - +0 robe
rPois   .          Reflect  .   (no helmet)
rElec   .          Harm     .   (no cloak)
rCorr   .          Rampage  .   (no gloves)
Will    .....                   (no boots)
Stlth   ++........              (no amulet)
HPRegen 0.13/turn               f - +4 ring of protection
MPRegen 0.14/turn               r - ring of protection from cold

@: no status effects
A: high MP 1, forlorn, divine attributes
a: no special abilities


You were on level 5 of the Dungeon.
You visited 1 branch of the dungeon, and saw 5 of its levels.

You collected 149 gold pieces.
You spent 118 gold pieces at shops.


Innate Abilities, Weirdness & Mutations

You have an increased reservoir of magic. (+10% MP)
You shall have no god before yourself.
Your divine heritage dramatically boosts your attributes as you level up.


   Skills:
 + Level 1.5 Fighting
 + Level 1.2 Staves
 - Level 1.7 Dodging
 - Level 1.7 Stealth
 * Level 3.9 Spellcasting
 + Level 4.5 Necromancy


You had 10 spell levels left.
You knew the following spells:

 Your Spells              Type           Power      Damage    Failure   Level
a - Necrotise             Necr           100%       1d9       1%          1

Your spell library contained the following spells:

 Spells                   Type           Power      Damage    Failure   Level
 Vampiric Draining        Necr           34%        2d8       5%          3
 Animate Dead             Necr           34%        N/A       19%         4
 Agony                    Necr           34%        N/A       45%         5

Inventory:

Hand Weapons
 d - a +0 dagger {short}
   (You took it off a kobold on level 1 of the Dungeon)
 h - a +0 rapier {short}
   (You found it on level 1 of the Dungeon)
 k - a +0 club {mace}
   (You took it off a goblin on level 2 of the Dungeon)
 l - a +0 dagger {short}
   (You found it on level 2 of the Dungeon)
 n - a +1 short sword of speed {short}
   (You took it off a kobold on level 2 of the Dungeon)
 v - a +0 short sword of venom {short}
   (You found it on level 4 of the Dungeon)
 B - a +0 flail of protection {mace}
   (You found it on level 4 of the Dungeon)
 C - a +1 vampiric short sword {short}
   (You took it off an orc on level 3 of the Dungeon)
Missiles
 e - 8 poisoned darts {throwing}
 g - 41 stones {throwing}
Armour
 a - a +0 robe (worn)
 c - a +0 pair of boots
   (You found it on level 1 of the Dungeon)
 j - an orb of energy
   (You found it on level 1 of the Dungeon)
Magical Staves
 x - a staff of death (weapon) {!astaff}
   (You found it on level 4 of the Dungeon)
 A - a staff of cold {!astaff}
   (You found it on level 4 of the Dungeon)
Jewellery
 f - a +4 ring of protection (left hand)
   (You found it on level 1 of the Dungeon)
 r - a ring of protection from cold (right hand)
   (You found it on level 4 of the Dungeon)
Scrolls
 o - a scroll of enchant armour
 s - a scroll of amnesia {unknown}
 t - a scroll of poison {unknown}
 u - a scroll of noise {unknown}
 w - a scroll of fear
 y - 2 scrolls of teleportation {unknown}
 D - a scroll of torment {unknown}
 E - a scroll of immolation {unknown}
Potions
 b - a potion of magic
 i - a potion of might
 m - 3 potions of curing {@q1}
 p - a potion of heal wounds {unknown}
 q - a potion of flight {unknown}

Dungeon Overview and Level Annotations

Branches:
Dungeon (5/15) Zot: 25927  Temple (0/1) D:4

Shops:
D:2

* #.# ##.## #.##
##<#### #..#
##.....# #..#
#..#..##
#..#####.###.# #
#........# ###
#.. ##.......##
.....##..#.....#
.......@##.....#
..##...O##.....#
#...........#
#.............
#.............#
...###.......##
.... .... .....
.....


You could see an ogre.


Message History

You destroy the necrophage!
Your life force feels restored.
Your Staves skill increases to level 1!
You now have 40 max hp (+5).
Key pressed, stopping explore.
Key pressed, stopping explore.
Key pressed, stopping explore.
Done exploring. 😎 HP[+30] MP[+1]
Your hp is fully restored (40).
Your mp is fully restored (14).
Done exploring.
Done exploring.
Done exploring.
Done exploring.
(D) Dungeon (T) Temple
Where to? (Enter - D:3, ? - help)
There is a stone staircase leading down here.
You climb downwards.
There is a stone staircase leading up here.
Key pressed, stopping travel.
Unknown command.
Unknown command.
There is a stone staircase leading up here.
There is a stone staircase leading up here.
An ogre comes into view. It is wielding a +0 giant club.
The ogre moves out of view.
An ogre is nearby!
The ogre hits you with a +0 giant club!! 😮 HP[-18]
You take 18 damage, and now have 22/40 hp.
MASSIVE DAMAGE!! (PAUSE) Unknown command.
Unknown command.
Casting: Necrotise (safe; 1% risk of failure)
Confirm with . or Enter, or press ? or * to list all spells.
Aiming: Necrotise (safe; 1% risk of failure)
Press: ? - help, Shift-Dir - straight line, f - ogre
Aim: an ogre, wielding a +0 giant club (chance to affect: 83%)
You feel a surge of power!
The ogre writhes in agony. 😮 MP[-1]
You lost 1 mp, and now have 13/14 mp.
Casting: Necrotise (safe; 1% risk of failure)
Confirm with . or Enter, or press ? or * to list all spells.
Aiming: Necrotise (safe; 1% risk of failure)
Press: ? - help, Shift-Dir - straight line, f/p - ogre
Aim: an ogre, wielding a +0 giant club (lightly wounded, chance to affect: 83%)
You feel a surge of power!
The ogre writhes in agony!
The ogre barely misses you. 😮 MP[-1]
You lost 1 mp, and now have 12/14 mp.
Casting: Necrotise (safe; 1% risk of failure)
Confirm with . or Enter, or press ? or * to list all spells.
Aiming: Necrotise (safe; 1% risk of failure)
Press: ? - help, Shift-Dir - straight line, f/p - ogre
Aim: an ogre, wielding a +0 giant club (heavily wounded, chance to affect: 83%)
You feel a surge of power!
The ogre barely resists.
The ogre closely misses you. 😮 MP[-1]
You lost 1 mp, and now have 11/14 mp.
Casting: Necrotise (safe; 1% risk of failure)
Confirm with . or Enter, or press ? or * to list all spells.
Aiming: Necrotise (safe; 1% risk of failure)
Press: ? - help, Shift-Dir - straight line, f/p - ogre
Aim: an ogre, wielding a +0 giant club (heavily wounded, chance to affect: 83%)
You feel a surge of power!
The ogre writhes in agony. 😮 HP[+1] MP[-1]
You lost 1 mp, and now have 10/14 mp.
Casting: Necrotise (safe; 1% risk of failure)
Confirm with . or Enter, or press ? or * to list all spells.
Aiming: Necrotise (safe; 1% risk of failure)
Press: ? - help, Shift-Dir - straight line, f/p - ogre
Aim: an ogre, wielding a +0 giant club (heavily wounded, chance to affect: 83%)
You feel a surge of power!
The ogre writhes in agony.
The ogre closely misses you. 😮 MP[-1]
You lost 1 mp, and now have 9/14 mp.
Casting: Necrotise (safe; 1% risk of failure)
Confirm with . or Enter, or press ? or * to list all spells.
Aiming: Necrotise (safe; 1% risk of failure)
Press: ? - help, Shift-Dir - straight line, f/p - ogre
Aim: an ogre, wielding a +0 giant club (severely wounded, chance to affect: 83%)
You feel a surge of power!
The ogre writhes in agony.
The ogre barely misses you. 😮 MP[-1]
You lost 1 mp, and now have 8/14 mp.
Casting: Necrotise (safe; 1% risk of failure)
Confirm with . or Enter, or press ? or * to list all spells.
Aiming: Necrotise (safe; 1% risk of failure)
Press: ? - help, Shift-Dir - straight line, f/p - ogre
Aim: an ogre, wielding a +0 giant club (severely wounded, chance to affect: 83%)
You feel a surge of power!
The ogre barely resists.
Casting: Necrotise (safe; 1% risk of failure)
Confirm with . or Enter, or press ? or * to list all spells.
Aiming: Necrotise (safe; 1% risk of failure)
Press: ? - help, Shift-Dir - straight line, f/p - ogre
Aim: an ogre, wielding a +0 giant club (severely wounded, chance to affect: 83%)
You feel a surge of power!
The ogre writhes in agony.
The ogre hits you with a +0 giant club!!
Ouch! That really hurt!
You die...

Skill      XL: |  1  2  3  4  5 |
---------------+----------------+-----
Spellcasting   | 2 3 |  3.9
Necromancy     | 4 |  4.5
Fighting       | 1 |  1.5
Staves         | 1 |  1.2
Dodging        | |  1.7
Stealth        | |  1.7

Action                   |  1- 3 |  4- 6 || total
-------------------------+-------+-------++-------
Melee: Unarmed           |     1 |       ||     1
       Short sword       |    11 |       ||    11
       Staff             |       |    25 ||    25
Throw: Boomerang         |       |     2 ||     2
 Cast: Necrotise         |    77 |    62 ||   139
  Use: Scroll            |     2 |     3 ||     5
 Stab: Sleeping          |     1 |       ||     1
Armor: Robe              |     9 |    12 ||    21
Dodge: Dodged            |    17 |    31 ||    48

Levels and vault maps discovered:
D:1:      arrival_zaba_pyramid, layout_loops_ring,
          hellmonk_ecumenical_altar_zigzags
D:2:      layout_rooms, serial_shops, nicolae_square_shop
D:3:      layout_loops_ring, nicolae_tso_besieged_by_evil
D:4:      layout_basic, overflow_temple_1_default, zin_purify, temple_pool_b
D:5:      layout_layer_cave, mainiacjoe_overflow_alcove_4, minmay_fountain_box

Notes
Turn   | Place    | Note
-------+----------+-------------------------------------------
     0 | D:1      | spaghetti the Demigod Necromancer began the quest for the
                  | Orb.
     0 | D:1      | Reached XP level 1. HP: 14/14 MP: 5/5
     0 | D:1      | magus.rc [v1.9.6]
   189 | D:1      | Reached skill level 2 in Spellcasting
   915 | D:2      | Reached XP level 2. HP: 20/20 MP: 3/7
  1008 | D:2      | Found Xejeet's General Store.
  1013 | D:2      | Bought a scroll of identify for 28 gold pieces
  1671 | D:2      | Reached skill level 4 in Necromancy
  1671 | D:2      | Reached XP level 3. HP: 24/26 MP: 5/10
  1942 | D:2      | Reached skill level 3 in Spellcasting
  2278 | D:4      | Reached XP level 4. HP: 21/34 MP: 3/11
  2499 | D:4      | Found a staircase to the Ecumenical Temple.
  2887 | D:4      | Noticed a necrophage
  3007 | D:3      | Reached skill level 1 in Fighting
  3494 | D:4      | Found Zin's Purification Station.
  3511 | D:4      | Bought a potion of curing for 90 gold pieces
  3529 | D:4      | Reached XP level 5. HP: 31/40 MP: 6/13
  3790 | D:4      | Reached skill level 1 in Staves
  4038 | D:5      | Entered Level 5 of the Dungeon
  4060 | D:5      | Noticed an ogre
  4071 | D:5      | Slain by an ogre

Vanquished Creatures
  A necrophage (D:4)
  A hound (D:4)
  An orc wizard (D:4)
  4 adders
  2 dart slugs
  8 orcs
  8 ball pythons
  2 bats
  5 endoplasms
  3 giant cockroaches
  4 goblins
  8 hobgoblins
  3 jackals (D:2)
  2 quokkas
  5 frilled lizards
  8 kobolds
  5 rats
70 creatures vanquished.

Vanquished Creatures (collateral kills)
  An adder (D:2)
  A rat (D:1)
2 creatures vanquished.

Grand Total: 72 creatures vanquished

Table legend:
 A = Non-vault XP
 B = Vault XP
 C = Vault XP percentage of total XP
 D = Non-vault monster count
 E = Vault monster count
 F = Vault count percentage of total count
                 A         B        C        D         E       F
            +---------+---------+-------+---------+---------+-------
      Total |     346 |       0 |   0.0 |      72 |       0 |   0.0
            +---------+---------+-------+---------+---------+-------
        D:1 |      13 |       0 |   0.0 |      10 |       0 |   0.0
        D:2 |      68 |       0 |   0.0 |      21 |       0 |   0.0
        D:3 |      34 |       0 |   0.0 |      18 |       0 |   0.0
        D:4 |     231 |       0 |   0.0 |      23 |       0 |   0.0
            +---------+---------+-------+---------+---------+-------

Illustrated notes

Table legend:
 A = Kills in this place as a percentage of kills in entire the game.
 B = Kills by you in this place as a percentage of kills by you in the entire game.
 C = Kills by friends in this place as a percentage of kills by friends in the entire game.
 D = Other kills in this place as a percentage of other kills in the entire game.
 E = Experience gained in this place as a percentage of experience gained in the entire game.
 F = Experience gained in this place divided by the number of levels of this place that you have seen.
                   A       B       C       D       E      F
               +-------+-------+-------+-------+-------+----------------------
         Total | 100.0 | 100.0 | 100.0 |   N/A | 100.0 |  69.2
       Dungeon | 100.0 | 100.0 | 100.0 |   N/A | 100.0 |  69.2
               +-------+-------+-------+-------+-------+----------------------

Table legend: (Time is in decaauts)
 A = Elapsed time spent in this place.
 B = Non-inter-level travel time spent in this place.
 C = Inter-level travel time spent in this place.
 D = Time resting spent in this place.
 E = Time spent auto-exploring this place.
 F = Levels seen in this place.
 G = Mean time per level.
                   A        B        C        D        E       F      G
               +--------+--------+--------+--------+--------+-----+--------+
         Total |   4071 |   3939 |    132 |      0 |   3423 |   5 |  814.2 |
       Dungeon |   4071 |   3939 |    132 |      0 |   3423 |   5 |  814.2 |
               +--------+--------+--------+--------+--------+-----+--------+

Top non-repeatable levels by time:
     D:4: 1481 daAuts
     D:2: 1010 daAuts
     D:1: 992 daAuts
     D:3: 554 daAuts
     D:5: 32 daAuts
